 Dungeon Crawl Stone Soup version 0.29-a0-876-gfc89b1a5bd (webtiles) character file.

Game seed: 13917510309180233216

2774 IdlyInterested the Cleaver (level 9, -8/74 HPs)
             Began as a Demonspawn Fighter on July 19, 2022.
             Killed from afar by Maggie (23 damage)
             ... with a bolt of fire
             ... on level 6 of the Dungeon.
             The game lasted 00:22:41 (7841 turns).

IdlyInterested the Cleaver (Demonspawn Fighter)     Turns: 7841, Time: 00:22:42

Health: -8/74      AC:  9    Str: 17    XL:     9   Next: 42%
Magic:  9/9        EV: 13    Int:  9    God:
Gold:   562        SH:  7    Dex: 23    Spells: 8/8 levels left

rFire   . . .      SeeInvis .   a - +1 war axe (chaos)
rCold   . . .      Faith    .   c - +1 buckler
rNeg    . . .      Spirit   .   q - +0 steam dragon scales
rPois   .          Reflect  .   (helmet restricted)
rElec   .          Harm     .   (no cloak)
rCorr   .          Rampage  .   o - +0 pair of gloves
Will    .....                   t - +0 pair of boots
Stlth   +++.......              i - amulet of magic regeneration
HPRegen 0.22/turn               r - +6 ring of dexterity
MPRegen 0.51/turn               (no ring)

@: mesmerised
A: horns 1, rugged brown scales 2, foul stench 1, spiny 2
a: no special abilities


You were on level 6 of the Dungeon.
You visited 2 branches of the dungeon, and saw 7 of its levels.
You also visited: Ossuary.

You collected 562 gold pieces.

Inventory:

Hand Weapons
 a - a +1 war axe of chaos (weapon)
 f - a +1 hand axe of electrocution
 k - a +2 vorpal hand axe
 u - the +7 flail of Puckish Forgiveness {antimagic, Dex+4}
   (You found it on level 3 of the Dungeon)

   It reduces the magical energy of the wielder, and disrupts the spells and
   magical abilities of those it strikes.
   Natural abilities and divine invocations are not affected.
   Dex:       It affects your dexterity (+4).
 x - a +0 hand axe of draining
Missiles
 d - 3 silver boomerangs
 l - 7 boomerangs (quivered)
 s - 3 poisoned darts
 A - 5 javelins
Armour
 c - a +1 buckler (worn)
 n - a +0 plate armour
 o - a +0 pair of gloves (worn)
 q - +0 steam dragon scales (worn)
 t - a +0 pair of boots (worn)
Jewellery
 i - an amulet of magic regeneration (around neck)
 r - a +6 ring of dexterity (left hand)
 v - a ring of fire
Wands
 F - a wand of light (9)
Scrolls
 m - a scroll of magic mapping
 p - 2 scrolls of enchant weapon
 w - 2 scrolls of teleportation
 y - 2 scrolls of enchant armour
Potions
 b - a potion of mutation
 e - 5 potions of attraction
 g - a potion of lignification
 h - a potion of magic
 j - 5 potions of curing
 z - a potion of resistance
 B - a potion of flight
 C - a potion of cancellation
 D - a potion of heal wounds {unknown}


   Skills:
 - Level 6.6 Fighting
 * Level 8.4 Axes
 - Level 3.0 Throwing
 - Level 3.0 Armour
 - Level 3.0 Dodging
 - Level 3.6 Stealth
 * Level 3.7 Shields
 + Level 1.4 Evocations


You had 8 spell levels left.
You didn't know any spells.
Your spell library contained the following spells:

 Spells                   Type           Power      Damage    Failure   Level
 Portal Projectile        Hex/Tloc       0%         N/A       85%         3
 Summon Guardian Golem    Hex/Summ       0%         N/A       85%         3
 Tukima's Dance           Hex            0%         N/A       85%         3
 Blade Hands              Tmut           0%         N/A       100%        5
 Dispersal                Tloc           0%         N/A       100%        6
 Orb of Destruction       Conj           0%         9d5       100%        7
 Spellforged Servitor     Conj/Summ      0%         N/A       100%        7
 Disjunction              Tloc           0%         N/A       100%        8


Dungeon Overview and Level Annotations

Branches:
Dungeon (6/15)             Temple (1/1) D:4         Ossuary (visited)

Altars:
Ashenzari
Cheibriados
Dithmenos
Fedhas
Gozag
Hepliaklqana
Kikubaaqudgha
Makhleb
Nemelex Xobeh
Okawaru
Qazlal
Ru
Sif Muna
Trog
Uskayaw
Vehumet
Wu Jian
Xom
Yredelemnul

Shops:
D:1 :   D:6 (

Portals:
Abyss: D:4

Annotations:
D:6 Maggie


Innate Abilities, Weirdness & Mutations

You have a pair of small horns on your head.
You are mostly covered in rugged brown scales. (AC +2, +5% HP)
You may rarely emit foul miasma when damaged in melee.
You are mostly covered in sharp spines.


Message History

The phantom hits you but does no damage.
You closely miss Maggie. You headbutt Maggie!
Maggie is moderately wounded.
You hit the phantom. You burn the phantom.
Maggie hits you with a +2 war axe of flaming!
Maggie burns you. The phantom is struck by your spines. The phantom hits you.
You hit Maggie.
Maggie easily resists.
You headbutt Maggie, but do no damage.
Maggie is moderately wounded.
You closely miss the phantom.
Maggie gestures wildly while chanting.
Maggie attempts to bespell you!
You are mesmerised by Maggie!
The phantom hits you.
You closely miss Maggie.
Maggie is moderately wounded.
You closely miss the phantom. The phantom is struck by your spines.
The phantom barely misses you.
Maggie hits you with a +2 war axe of flaming!
Maggie burns you.
You barely miss Maggie.
Maggie is moderately wounded.
You hit the phantom.
You destroy the phantom!
Maggie gestures wildly while chanting.
Maggie draws you further into her thrall.
You slash Maggie!
Maggie flickers and vanishes!
Deactivating autopickup; reactivate with Ctrl-A.
You hear some strange, mumbled words.
A bolt of fire appears from out of thin air!
The bolt of fire hits you!
You hit something. Lightning courses through something! Something hits you!
* * * LOW HITPOINT WARNING * * *
Something burns you.
* * * LOW HITPOINT WARNING * * *
Okay, then.
You miss something. You headbutt something.
You hear some strange, mumbled words.
A bolt of fire appears from out of thin air!
The bolt of fire hits you!!
You die...

...# #.#.#. ######.......
#.#.#. #..........S.
#.#.#. #............
#.#.#. #............
#.#.#. #............
#.#.#. #......?.....
#.#.#) #.....(......
#.#.#. #....@#### #.#.#.
#.....{..# #.#.#. #.#
###'#....########.#.#. #.#
#.#....#........#.#. #.#
#.#....#.########.## #.#
#.#....#.#....?.#... #.#
#.#....#.#.##......#
#.#####'#....#.#.##.#.#.##
#.........####.#.##.#.#...


You could see an adder (asleep).

Vanquished Creatures
  Pikel (D:5)
  The ghost of peter4 the Twirler, a novice MiGl (D:4)
  A steam dragon (D:4)
  2 small abominations (D:4)
  An ice beast (D:4)
  An ogre (D:6)
  2 phantoms
  A lemure (D:5)
  The ghost of jimonade the Sneak, an amateur KoBr of Wu Jian (D:3)
  2 scorpions (D:5)
  A wyvern skeleton (Ossuary)
  4 centaur zombies (Ossuary)
  5 hounds
  A centaur skeleton (Ossuary)
  3 orc priests
  An iron imp (D:4)
  Natasha (thrice) (D:2)
  3 iguanas
  3 orc wizards
  2 ogre zombies (Ossuary)
  A sky beast zombie (Ossuary)
  A scorpion simulacrum (D:3)
  A hound skeleton (Ossuary)
  8 mummies
  4 gnolls
  9 adders
  2 hound simulacra (D:3)
  A white imp (D:4)
  A howler monkey simulacrum (D:3)
  2 ufetubi
  3 adder zombies (Ossuary)
  4 worms
  2 adder simulacra (D:3)
  2 dart slugs
  16 orcs
  4 ball pythons
  8 bats
  6 endoplasms
  5 giant cockroaches
  8 goblins
  6 hobgoblins
  5 jackals
  9 kobolds
  2 quokkas
  A frilled lizard (D:1)
  4 goblin zombies (Ossuary)
  3 hobgoblin zombies
  6 kobold zombies
  An orc skeleton (Ossuary)
  3 orc zombies
  4 quokka zombies (Ossuary)
  4 rats
  7 rat zombies (Ossuary)
182 creatures vanquished.

Vanquished Creatures (others)
  An endoplasm (D:2)
1 creature vanquished.

Grand Total: 183 creatures vanquished

Notes
Turn   | Place    | Note
-------+----------+-------------------------------------------
     0 | D:1      | IdlyInterested the Demonspawn Fighter began the quest for
                  | the Orb.
     0 | D:1      | Reached XP level 1. HP: 18/18 MP: 1/1
   127 | D:1      | Found Tupuolut's Book Emporium.
   135 | D:1      | Reached skill level 2 in Axes
   157 | D:1      | Gained mutation: You are partially covered in rugged brown
                  | scales. (AC +1, +3% HP) [demonic ancestry]
   157 | D:1      | Reached XP level 2. HP: 14/24 MP: 2/2
  1163 | D:2      | Reached XP level 3. HP: 27/29 MP: 3/3
  1273 | D:2      | Noticed Natasha
  1284 | D:2      | Killed Natasha
  1352 | D:2      | Noticed Natasha
  1362 | D:2      | Killed Natasha
  1363 | D:2      | Reached skill level 3 in Axes
  1363 | D:2      | Reached skill level 1 in Dodging
  1363 | D:2      | Reached XP level 4. HP: 34/37 MP: 4/4
  1476 | D:2      | Found an ancient bone altar of Kikubaaqudgha.
  2042 | D:2      | Noticed Natasha
  2046 | D:2      | Killed Natasha
  2047 | D:2      | Gained mutation: You are mostly covered in rugged brown
                  | scales. (AC +2, +5% HP) [demonic ancestry]
  2047 | D:2      | Reached XP level 5. HP: 34/44 MP: 5/5
  2210 | D:3      | Reached skill level 4 in Axes
  2521 | D:3      | Found a runed translucent gate.
  2521 | D:3      | Found a runed translucent gate.
  2521 | D:3      | Found a runed translucent gate.
  2590 | D:3      | Gained mutation: You may rarely emit foul miasma when
                  | damaged in melee. [demonic ancestry]
  2590 | D:3      | Reached XP level 6. HP: 47/50 MP: 6/6
  2651 | D:3      | Found a faded altar of an unknown god.
  3142 | D:3      | Noticed jimonade's ghost (amateur KoBr)
  3639 | D:3      | Killed jimonade's ghost
  3674 | D:3      | Identified the +7 flail of Puckish Forgiveness {antimagic,
                  | Dex+4}
  3755 | D:4      | Noticed a steam dragon
  3769 | D:4      | Killed a steam dragon
  3770 | D:4      | Reached skill level 5 in Axes
  3770 | D:4      | Gained mutation: You are partially covered in sharp spines.
                  | [demonic ancestry]
  3770 | D:4      | Reached XP level 7. HP: 25/57 MP: 7/7
  3851 | D:4      | Found a sand-covered staircase.
  3862 | Ossuary  | Entered an ossuary
  3965 | Ossuary  | Reached skill level 5 in Fighting
  3981 | Ossuary  | Reached skill level 1 in Stealth
  4299 | Ossuary  | Reached skill level 6 in Axes
  4401 | Ossuary  | Gained mutation: You are mostly covered in sharp spines.
                  | [demonic ancestry]
  4401 | Ossuary  | Reached XP level 8. HP: 49/65 MP: 8/8
  4625 | D:4      | Found a stormy altar of Qazlal.
  4755 | D:4      | Found a staircase to the Ecumenical Temple.
  4771 | Temple   | Entered the Ecumenical Temple
  5235 | D:4      | Found a shadowy altar of Dithmenos.
  5237 | D:4      | Found an opulent altar of Gozag.
  5341 | D:4      | Found a transporter.
  5343 | D:4      | Found a one-way gate to the infinite horrors of the Abyss.
  5343 | D:4      | Noticed peter4's ghost (novice MiGl)
  5348 | D:4      | Found a transporter.
  5667 | D:4      | Reached skill level 1 in Throwing
  5675 | D:4      | HP: 1/67 [poisoned by peter4's ghost]
  5679 | D:4      | Killed peter4's ghost
  5680 | D:4      | Reached skill level 7 in Axes
  6137 | D:5      | Entered Level 5 of the Dungeon
  6137 | D:5      | Found a basalt altar of Yredelemnul.
  6218 | D:5      | Found a radiant altar of Vehumet.
  6510 | D:5      | Noticed Pikel
  6522 | D:5      | Killed Pikel
  6523 | D:5      | Reached skill level 8 in Axes
  6523 | D:5      | Gained mutation: You have a pair of small horns on your
                  | head. [demonic ancestry]
  6523 | D:5      | Reached XP level 9. HP: 43/74 MP: 9/9
  7692 | D:6      | Reached skill level 1 in Evocations
  7697 | D:6      | Found Unien's Weapon Boutique.
  7829 | D:6      | Noticed Maggie
  7841 | D:6      | Killed from afar by Maggie

Illustrated notes

Levels and vault maps discovered:
D:1:      matt_arrival_diagonals, layout_basic, serial_shops, shop_statue,
          solitary_fountain
D:2:      minmay_recursive_quarters, layout_basic, basic_altar, minivault_24,
          uniq_natasha
D:3:      layout_basic, hellmonk_ecumenical_altar_pennies_from_heaven,
          gammafunk_ghost_icy
D:4:      layout_rooms, grunt_qazlal_clouds, jmf_multi_god_temple,
          minmay_temple_entry_statues_pillars, gammafunk_ghost_abyssal_escape,
          chequers_ossuary_entry_cave, minivault_25, minmay_mini_ossuary
D:5:      layout_gridville, mainiacjoe_overflow_tiny_flanked,
          mainiacjoe_overflow_24_doors, uniq_pikel
D:6:      layout_basic, ebering_ghost_reflecting_pool, serial_shops,
          nicolae_shop_statue_plus, shop, shop_fountains, uniq_maggie
Temple:   minmay_temple_bridge_d

Skill      XL: |  1  2  3  4  5  6  7  8  9 |
---------------+----------------------------+-----
Axes           | 2 3 4 5 6 8 |  8.4
Armour         | 3 |  3.0
Dodging        | 1 2 3 |  3.0
Fighting       | 4 5 6 |  6.6
Stealth        | 2 3 |  3.6
Throwing       | 2 3 |  3.0
Shields        | 3 |  3.7
Evocations     | 1 |  1.4

Action                   |  1- 3 |  4- 6 |  7- 9 || total
-------------------------+-------+-------+-------++-------
Melee: War axe           |    80 |   212 |   268 ||   560
       Headbutt          |       |       |    13 ||    13
  Use: Potion            |       |     1 |     3 ||     4
       Scroll            |       |     7 |    14 ||    21
 Stab: Sleeping          |       |       |     8 ||     8
Armor: Scale mail        |    35 |       |       ||    35
       Chain mail        |    22 |   102 |       ||   124
       Plate armour      |       |    72 |   123 ||   195
       Steam dragon scal |       |       |    17 ||    17
Dodge: Dodged            |    43 |    81 |    63 ||   187
Block: Buckler           |    22 |    90 |    78 ||   190

Table legend: (Time is in decaauts)
 A = Elapsed time spent in this place.
 B = Non-inter-level travel time spent in this place.
 C = Inter-level travel time spent in this place.
 D = Time resting spent in this place.
 E = Time spent auto-exploring this place.
 F = Levels seen in this place.
 G = Mean time per level.
                   A        B        C        D        E       F      G
               +--------+--------+--------+--------+--------+-----+--------+
         Total |   8003 |   7044 |    959 |   1129 |   3742 |   8 | 1000.4 |
       Dungeon |   7061 |   6102 |    959 |   1064 |   3460 |   6 | 1176.8 |
        Temple |    289 |    289 |      0 |      0 |    261 |   1 |  289.0 |
       Ossuary |    652 |    652 |      0 |     65 |     21 |   1 |  652.0 |
               +--------+--------+--------+--------+--------+-----+--------+

Top non-repeatable levels by time:
     D:2: 1512 daAuts
     D:4: 1480 daAuts
     D:3: 1401 daAuts
     D:5: 1104 daAuts
     D:1: 1042 daAuts
 Ossuary: 652 daAuts
     D:6: 520 daAuts
  Temple: 289 daAuts
